 Dungeon Crawl Stone Soup version 0.31-a0-233-g139696dc86 (webtiles) character file.

Game seed: 6332848492675350380

289 qw the Shooter (level 6, -2/51 HPs)
             Began as a Minotaur Hexslinger on July 8, 2023.
             Slain by Grinder (3 damage)
             ... on level 3 of the Dungeon.
             The game lasted 00:00:50 (2459 turns).

qw the Shooter (Minotaur Hexslinger)                Turns: 2459, Time: 00:00:51

Health: -2/51      AC:  3    Str: 12    XL:     6   Next: 9%
Magic:  6/6        EV: 12    Int: 10    God:
Gold:   90         SH:  0    Dex: 15    Spells: 6/7 levels left

rFire   . . .        Y - +1 sling
rCold   . . .        (no shield)
rNeg    . . .        d - +0 leather armour
rPois   .            (helmet restricted)
rElec   .            (no cloak)
rCorr   .            (no gloves)
SInv    .            (no boots)
Will    .....        a - amulet of Toniar {Acrobat Stlth+}
Stlth   ++           (no ring)
HPRegen 0.28/turn    (no ring)
MPRegen 0.10/turn

%: acrobat
@: no status effects
A: horns 2, retaliatory headbutt
a: no special abilities


You were on level 3 of the Dungeon.
You visited 1 branch of the dungeon, and saw 3 of its levels.

You collected 90 gold pieces.


Innate Abilities, Weirdness & Mutations

You have a pair of horns on your head.
You reflexively headbutt those who attack you in melee.


   Skills:
 + Level 3.0 Fighting
 - Level 6.6 Ranged Weapons
 - Level 2.1 Dodging
 - Level 1.0 Spellcasting
 - Level 2.0 Hexes


You had 6 spell levels left.
You knew the following spells:

 Your Spells              Type           Power      Damage    Failure   Level
a - Slow                  Hex            16%        N/A       19%         1

Your spell library contained the following spells:

 Spells                   Type           Power      Damage    Failure   Level
 Inner Flame              Hex/Fire       2%         N/A       65%         3
 Portal Projectile        Hex/Tloc       4%         N/A       65%         3
 Cause Fear               Hex            2%         N/A       88%         4

Inventory:

Hand Weapons
 Y - a +1 sling (weapon)
Armour
 c - a +0 pair of boots
 d - a +0 leather armour (worn)
 e - a +0 ring mail
Jewellery
 a - the amulet of Toniar (around neck) {Acrobat Stlth+}
   (You acquired it on level 2 of the Dungeon)

   [amulet of the acrobat]

   It increases your evasion while moving and waiting.
   Stlth:     It makes you more stealthy.
Scrolls
 b - 2 scrolls of vulnerability {unknown}
 g - a scroll of identify
Potions
 f - 3 potions of curing
 h - a potion of brilliance {unknown}

Dungeon Overview and Level Annotations

Branches:
Dungeon (3/15)

Altars:
Ashenzari

Annotations:
D:3 Grinder


Message History

Pain shoots through your body!
You shoot a sling bullet. The sling bullet hits Grinder.
Grinder is lightly wounded.
Grinder gestures at you. You resist with significant effort. Grinder hits you.
You writhe in agony.
You shoot a sling bullet. The sling bullet hits Grinder!
Grinder is moderately wounded.
Grinder hits you!
You writhe in agony.
You shoot a sling bullet. The sling bullet hits Grinder.
Grinder is heavily wounded.
Grinder gestures at you.
You barely resist. You shoot a sling bullet.
The sling bullet barely misses Grinder.
Grinder says, "I used to sell toenails on the black market."
Grinder hits you!
You writhe in agony.
You shoot a sling bullet. The sling bullet hits Grinder.
Grinder is heavily wounded.
Grinder barely misses you.
You shoot a sling bullet.
The sling bullet completely misses Grinder.
Grinder says, "Don't move a muscle."
Grinder gestures at you. You resist with significant effort.
You shoot a sling bullet. The sling bullet hits Grinder.
Grinder is heavily wounded.
Grinder hits you.
You shoot a sling bullet. The sling bullet hits Grinder.
Grinder is severely wounded.
Grinder hits you.
You writhe in agony.
You shoot a sling bullet. The sling bullet hits Grinder.
Grinder is severely wounded.
Grinder blinks!
You shoot a sling bullet.
The sling bullet closely misses Grinder.
You shoot a sling bullet. The sling bullet barely misses Grinder.
Grinder hits you.
You shoot a sling bullet.
The sling bullet closely misses Grinder.
Grinder misses you. Grinder hits you.
You die...

#### #.. ..
##.###...#
#.@.<...).
########.5###...#
#))...>...# .
#.######.## #.#
#.# #.# #.# #.#
#.. #.#### ###
#)##.##


You could see Grinder.

Vanquished Creatures
  Sigmund (D:3)
  An orc wizard (D:3)
  3 adders
  2 dart slugs
  5 orcs (D:3)
  2 ball pythons (D:1)
  8 endoplasms
  A giant cockroach (D:3)
  4 goblins
  5 hobgoblins
  2 jackals (D:3)
  5 quokkas
  5 bats
  2 frilled lizards (D:1)
  7 kobolds
  6 rats
59 creatures vanquished.

Notes
Turn   | Place    | Note
-------+----------+-------------------------------------------
     0 | D:1      | qw the Minotaur Hexslinger began the quest for the Orb.
     0 | D:1      | Reached XP level 1. HP: 16/16 MP: 1/1
     0 | D:1      | 0 ||| qw: Version: 0.3-a-46-gb1f654a
     0 | D:1      | 0 ||| qw: Game counter: 3589
     0 | D:1      | 0 ||| qw: Melee chars always use a shield: true
     0 | D:1      | 0 ||| qw: God list: Okawaru
     0 | D:1      | 0 ||| qw: Allow faded altars: false
     0 | D:1      | 0 ||| qw: Do Orc after clearing Dungeon:15 true
     0 | D:1      | 0 ||| qw: Do second Lair branch before Depths: true
     0 | D:1      | 0 ||| qw: Lair rune preference: random
     0 | D:1      | 0 ||| qw: Goals: Normal
     0 | D:1      | 0 ||| PLANNING D:1-11
   139 | D:1      | Reached skill level 3 in Ranged Weapons
   176 | D:1      | Reached XP level 2. HP: 23/23 MP: 2/2
   588 | D:1      | 588 ||| UPGRADING to +0 leather armour.
   598 | D:1      | 598 ||| DROPPING +0 robe.
   599 | D:1      | 599 ||| DROPPING +6 ring of intelligence.
   600 | D:1      | 600 ||| READING scroll labelled XITOWK PULEM.
   601 | D:1      | 601 ||| DROPPING scroll of poison.
   977 | D:2      | Found a broken altar of Ashenzari.
   979 | D:2      | Reached XP level 3. HP: 29/29 MP: 3/3
  1298 | D:2      | Reached skill level 4 in Ranged Weapons
  1493 | D:2      | 1493 ||| DROPPING scarf of invisibility.
  1494 | D:2      | 1494 ||| READING scroll labelled CISTRU RAUFEK.
  1495 | D:2      | 1495 ||| READING scroll labelled JOKLIG GEPEMUBIBRE.
  1496 | D:2      | 1496 ||| READING scroll labelled JUIZEIFOIS.
  1496 | D:2      | Identified a scroll of acquirement
  1496 | D:2      | 1496 ||| ACQUIRING amulet of Toniar {Acrobat Stlth+}
  1496 | D:2      | Acquired the amulet of Toniar {Acrobat Stlth+}
  1498 | D:2      | 1498 ||| UPGRADING to amulet of Toniar {Acrobat Stlth+}.
  1503 | D:2      | 1503 ||| READING scroll labelled IVVOEDD WIRENU.
  1504 | D:2      | 1504 ||| DRINKING 2 bubbling orange potions.
  1609 | D:2      | 1609 ||| DRINKING 4 metallic clear potions.
  1610 | D:2      | 1610 ||| DRINKING 2 metallic silvery potions.
  1611 | D:2      | 1611 ||| DROPPING potion of berserk rage.
  1883 | D:3      | Reached XP level 4. HP: 36/36 MP: 4/4
  2013 | D:3      | Noticed Sigmund
  2019 | D:3      | 2019 ||| DRINKING 4 potions of curing.
  2019 | D:3      | 2019 ||| (to cure confusion)
  2023 | D:3      | Killed Sigmund
  2024 | D:3      | Reached skill level 6 in Ranged Weapons
  2024 | D:3      | Reached XP level 5. HP: 36/41 MP: 5/5
  2291 | D:3      | 2291 ||| Stepping ~*~*~tactically~*~*~ (outnumbered).
  2301 | D:3      | HP: 9/42 [orc wizard/magic dart (8)]
  2302 | D:3      | 2302 ||| DRINKING potion of heal wounds.
  2307 | D:3      | Reached XP level 6. HP: 32/50 MP: 6/6
  2318 | D:3      | Reached skill level 3 in Fighting
  2441 | D:3      | Noticed Grinder
  2454 | D:3      | HP: 11/51 [Grinder (3)]
  2455 | D:3      | HP: 5/51 [Grinder (2)]
  2458 | D:3      | HP: 1/51 [Grinder (5)]
  2459 | D:3      | Slain by Grinder

Levels and vault maps discovered:
D:1:      saegor_arrival_simple_d, layout_loops_ring, serial_glass,
          glass_columns_c, glass_columns_b, glass_columns_a, glass_columns_a
D:2:      layout_basic, basic_altar, supply_closet_lemuel
D:3:      layout_loops_corners, uniq_sigmund, uniq_grinder

Skill      XL: |  1  2  3  4  5  6 |
---------------+-------------------+-----
Ranged Weapons | 3 4 6 |  6.6
Fighting       | 2 3 |  3.0
Dodging        | |  2.1
Spellcasting   | |  1.0
Hexes          | |  2.0

Action                     |  1- 3 |  4- 6 || total
---------------------------+-------+-------++-------
   Fire: Sling             |   112 |    81 ||   193
    Use: Scroll            |     5 |       ||     5
         Potion            |     3 |     2 ||     5
 Armour: Robe              |     2 |       ||     2
         Leather armour    |     6 |     6 ||    12
  Dodge: Dodged            |    15 |    27 ||    42

Table legend:
 A = Non-vault XP
 B = Vault XP
 C = Vault XP percentage of total XP
 D = Non-vault monster count
 E = Vault monster count
 F = Vault count percentage of total count
                 A         B        C        D         E       F
            +---------+---------+-------+---------+---------+-------
      Total |     174 |     239 |  57.9 |      58 |       1 |   1.7
            +---------+---------+-------+---------+---------+-------
        D:1 |      27 |       0 |   0.0 |      16 |       0 |   0.0
        D:2 |      37 |       0 |   0.0 |      16 |       0 |   0.0
        D:3 |     110 |     239 |  68.5 |      26 |       1 |   3.7
            +---------+---------+-------+---------+---------+-------
